 Dungeon Crawl Stone Soup version 0.30-a0-394-g3e4acdb0ae (webtiles) character file.

Game seed: 2009713972747073505

688 zishaf the Trooper (level 7, -9/54 HPs)
             Began as a Djinni Venom Mage on Dec 6, 2022.
             Mangled by a wight
             ... wielding a +3 morningstar
              (12 damage)
             ... on level 5 of the Dungeon.
             The game lasted 00:03:57 (3562 turns).

zishaf the Trooper (Djinni Venom Mage)              Turns: 3562, Time: 00:03:58

Health: -9/54      AC:  4    Str:  7    XL:     7   Next: 94%
Gold:   256        EV: 12    Int: 21    God:
                   SH:  0    Dex: 13

rFire   + + +      SeeInvis .    j - +10 sling "Cyusav" {vorpal, rC+ MP+9 Int+2}
rCold   . . .      Faith    .    (no shield)
rNeg    . . .      Spirit   .    a - +0 robe
rPois   ∞          Reflect  .    k - +0 helmet
rElec   .          Harm     .    g - +0 cloak
rCorr   .          Rampage  .    (no gloves)
Will    +....                    (boots unavailable)
Stlth   ++........               (no amulet)
HPRegen 0.29/turn                c - ring of willpower
MPRegen 0.00/turn                i - ring of protection from fire

@: flying
A: sickness immunity, fire resistance 2, cold vulnerability 1, float, innate
caster, HP casting, extra vitality 1
a: no special abilities


You were on level 5 of the Dungeon.
You visited 1 branch of the dungeon, and saw 5 of its levels.

You collected 256 gold pieces.

Inventory:

Hand Weapons
 j - the +10 sling "Cyusav" (weapon) {vorpal, rC+ MP+9 Int+2}
   (You found it on level 3 of the Dungeon)

   Any ammunition fired from it inflicts extra damage upon your enemies.
   Int:       It affects your intelligence (+2).
   rC:        It protects you from cold.
   MP:        It affects your magic capacity (+9).
Armour
 a - a +0 robe (worn)
 g - a +0 cloak (worn)
 k - a +0 helmet (worn)
Magical Staves
 h - a staff of cold
Jewellery
 c - a ring of willpower (left hand)
 i - a ring of protection from fire (right hand)
Scrolls
 l - a scroll of noise {unknown}
 m - a scroll of fear {unknown}
Potions
 b - 2 potions of flight {unknown}
 d - a potion of might {unknown}
 e - a potion of brilliance {unknown}
 f - a potion of mutation {unknown}


   Skills:
 + Level 5.5 Fighting
 - Level 2.1 Dodging
 - Level 1.5 Stealth
 + Level 5.0 Spellcasting


You couldn't memorise any spells.
You knew the following spells:

 Your Spells              Type           Power      Damage    Failure   Level
a - Sting                 Tmut/Pois      100%       1d8       1%          1
b - Poisonous Vapours     Pois/Air       52%        N/A       1%          2
c - Slow                  Hex            100%       N/A       1%          1
d - Call Imp              Summ           26%        N/A       1%          2
e - Dazzling Flash        Conj/Hex       52%        N/A       4%          3
z - Mephitic Cloud        Conj/Pois/Air  26%        N/A       4%          3
A - Olgreb's Toxic Radia  Pois           26%        N/A       14%         4
Your spell library was empty.

Dungeon Overview and Level Annotations

Branches:
Dungeon (5/15)
 Temple: D:4-7

Altars:
Ashenzari
Cheibriados
Okawaru
Qazlal
Yredelemnul
Zin


Innate Abilities, Weirdness & Mutations

You are immune to sickness and miasma.
You are immune to poison.
Your flesh is very heat resistant. (rF++)
You are vulnerable to cold. (rC-)
You float through the air rather than walking.
You learn spells naturally, not from books.
Your magical power is your life essence.
You have superior vitality. (+4 MHP)


Message History

No target in view!
As you open the door, it creaks loudly!
A human zombie comes into view.
A wight opens the door.
Found an ancient bone altar of Kikubaaqudgha.
You shoot a sling bullet.
The sling bullet closely misses the wight.
The human zombie hits you but does no damage.
You shoot a sling bullet.
The sling bullet hits the wight but does no damage.
The wight hits you with a +3 morningstar!
The human zombie hits you but does no damage.
The wight hits you with a +3 morningstar!
You shoot a sling bullet.
The sling bullet barely misses the wight.
The wight closely misses you. The human zombie hits you.
You shoot a sling bullet. The sling bullet hits the wight.
The wight is heavily damaged.
The wight hits you with a +3 morningstar!
The human zombie hits you.
* * * LOW HITPOINT WARNING * * *
You are too injured to fight recklessly!
You are too injured to fight recklessly!
You are too injured to fight recklessly!
Fire: j) +10 sling "Cyusav" {vorpal, rC+ MP+9 Int+2}
Press: ? - help, Q - select action, (/) - cycle Shift-Dir - straight line, f/p - wight
Aim: a wight, wielding a +3 morningstar and wearing a +0 robe (moderately damaged, 68% to hit)
You shoot a sling bullet.
The sling bullet barely misses the wight.
The sling bullet barely misses the human zombie.
The wight hits you with a +3 morningstar!
* * * LOW HITPOINT WARNING * * *
The wight closely misses you.
Fire: j) +10 sling "Cyusav" {vorpal, rC+ MP+9 Int+2}
Press: ? - help, Q - select action, (/) - cycle Shift-Dir - straight line, f/p - wight
Aim: a wight, wielding a +3 morningstar and wearing a +0 robe (moderately damaged, 68% to hit)
You shoot a sling bullet. The sling bullet hits the wight.
The wight is almost destroyed.
The wight hits you with a +3 morningstar!
You die...

.......... ..........
.........# .........#
.........
#################....#
#.#.#.#.#.#.##8##....#
#'#'#)#'#'#'###.#.>...
#..Zz@.......'..'....#
#'#'#'#'#'#'###.#....#
#_#.#.#.#.#.##8.#.....
#################....#
#....# ...... ......
#....#


You could see a wight and a human zombie.

Vanquished Creatures
  A water moccasin (D:5)
  A sky beast (D:5)
  A wyvern zombie (D:5)
  A wight (D:5)
  A centaur zombie (D:5)
  3 hounds
  2 iguanas (D:5)
  A scorpion zombie (D:5)
  2 hound zombies (D:5)
  3 mummies (D:5)
  A howler monkey zombie (D:5)
  3 adders
  2 worms
  5 dart slugs
  5 ball pythons
  5 endoplasms
  4 giant cockroaches
  2 goblins (D:1)
  11 hobgoblins
  2 quokkas
  6 bats
  2 frilled lizards
  9 kobolds
  8 rats
81 creatures vanquished.

Notes
Turn   | Place    | Note
-------+----------+-------------------------------------------
     0 | D:1      | zishaf the Djinni Venom Mage began the quest for the Orb.
     0 | D:1      | zishaf set off with the following spells memorised: Sting,
                  | Poisonous Vapours, Mephitic Cloud, Olgreb's Toxic Radiance.
     0 | D:1      | Reached XP level 1. HP: 15/15 MP: 0/0
   188 | D:1      | Reached skill level 1 in Fighting
   188 | D:1      | Reached XP level 2. HP: 17/22 MP: 0/0
   615 | D:2      | Reached XP level 3. HP: 27/27 MP: 0/0
   615 | D:2      | Learned a level 1 spell: Slow
   957 | D:2      | Found a broken altar of Ashenzari.
  1063 | D:2      | Reached XP level 4. HP: 14/33 MP: 0/0
  1639 | D:3      | Found a snail-covered altar of Cheibriados.
  1665 | D:3      | Found an iron altar of Okawaru.
  1918 | D:3      | Found a faded altar of an unknown god.
  1951 | D:3      | Found a stormy altar of Qazlal.
  2202 | D:3      | Identified the +10 sling "Cyusav" {vorpal, rC+ MP+9 Int+2}
  2340 | D:4      | Found a glowing silver altar of Zin.
  2375 | D:4      | Reached XP level 5. HP: 40/40 MP: 0/0
  2375 | D:4      | Learned a level 2 spell: Call Imp
  2706 | D:4      | Found a broken altar of Ashenzari.
  2883 | D:5      | Entered Level 5 of the Dungeon
  2889 | D:5      | Reached XP level 6. HP: 46/46 MP: 0/0
  2974 | D:5      | Found a basalt altar of Yredelemnul.
  3094 | D:5      | Noticed a sky beast
  3117 | D:5      | Noticed a water moccasin
  3123 | D:5      | Killed a water moccasin
  3214 | D:5      | Killed a sky beast
  3215 | D:5      | Reached XP level 7. HP: 53/53 MP: 0/0
  3215 | D:5      | Learned a level 3 spell: Dazzling Flash
  3346 | D:5      | Reached skill level 5 in Fighting
  3548 | D:5      | Reached skill level 5 in Spellcasting
  3562 | D:5      | Mangled by a wight

Illustrated notes

Levels and vault maps discovered:
D:1:      minmay_arrival_semitransparent, layout_rooms
D:2:      layout_loops_ring, basic_altar, minmay_split_cup_small
D:3:      layout_basic, kennysheep_slug_shrine, okawaru_trees_2,
          grunt_qazlal_clouds, shapermc_ecumenical_altar_acropolis
D:4:      nicolae_cairo_tiling_large, layout_cave_pools,
          mainiacjoe_overflow_catwalk_spiral
D:5:      layout_gridville, lemuel_mausoleum_altar_kikubaaqudgha,
          mainiacjoe_overflow_paths

Skill      XL: |  1  2  3  4  5  6  7 |
---------------+----------------------+-----
Fighting       | 1 2 3 4 5 |  5.5
Spellcasting   | 3 4 5 |  5.0
Dodging        | |  2.1
Stealth        | |  1.5

Action                   |  1- 3 |  4- 6 |  7- 9 || total
-------------------------+-------+-------+-------++-------
Melee: Unarmed           |     1 |       |       ||     1
 Fire: Sling             |       |    37 |    54 ||    91
 Cast: Sting             |    75 |    41 |       ||   116
       Poisonous Vapours |       |     2 |       ||     2
  Use: Scroll            |       |     6 |       ||     6
Armor: Robe              |    11 |     4 |    17 ||    32
Dodge: Dodged            |    25 |     8 |    26 ||    59

Table legend: (Time is in decaauts)
 A = Elapsed time spent in this place.
 B = Non-inter-level travel time spent in this place.
 C = Inter-level travel time spent in this place.
 D = Time resting spent in this place.
 E = Time spent auto-exploring this place.
 F = Levels seen in this place.
 G = Mean time per level.
                   A        B        C        D        E       F      G
               +--------+--------+--------+--------+--------+-----+--------+
         Total |   3594 |   3448 |    146 |      0 |   2937 |   5 |  718.8 |
       Dungeon |   3594 |   3448 |    146 |      0 |   2937 |   5 |  718.8 |
               +--------+--------+--------+--------+--------+-----+--------+

Top non-repeatable levels by time:
     D:2: 911 daAuts
     D:3: 814 daAuts
     D:5: 707 daAuts
     D:1: 585 daAuts
     D:4: 575 daAuts
